 Dungeon Crawl Stone Soup version 0.29-a0-219-g0a02b1cf4f (webtiles) character file.

Game seed: 17121547944991434194

331 shoop the Shooter (level 6, 0/34 HPs)
             Began as a Deep Elf Arcane Marksman on Feb 26, 2022.
             Slain by an orc
             ... wielding a +0 dagger
              (1 damage)
             ... on level 5 of the Dungeon.
             The game lasted 00:06:11 (1917 turns).

shoop the Shooter (Deep Elf Arcane Marksman)        Turns: 1917, Time: 00:06:12

Health: 0/34       AC:  3    Str:  7    XL:     6   Next: 26%
Magic:  6/11       EV: 13    Int: 20    God:
Gold:   45         SH:  0    Dex: 15    Spells: 5/9 levels left

rFire   + . .      SeeInvis .   (no weapon)
rCold   . . .      Faith    .   (no shield)
rNeg    . . .      Spirit   .   b - +0 robe
rPois   .          Reflect  .   c - +0 helmet
rElec   .          Harm     .   (no cloak)
rCorr   .          Rampage  .   (no gloves)
Will    .....                   (no boots)
Stlth   ++........              (no amulet)
HPRegen 0.11/turn               h - ring of protection from fire
MPRegen 0.12/turn               (no ring)

@: on berserk cooldown, flying, slowed, very slow
A: no striking features
a: no special abilities


You were on level 5 of the Dungeon.
You visited 1 branch of the dungeon, and saw 4 of its levels.

You collected 94 gold pieces.
You spent 49 gold pieces at shops.

Inventory:

Hand Weapons
 a - a +0 shortbow
Armour
 b - a +0 robe (worn)
 c - a +0 helmet (worn)
Jewellery
 h - a ring of protection from fire (left hand)
Wands
 k - a wand of flame (13)
Scrolls
 e - a scroll of vulnerability {unknown}
Potions
 d - a potion of lignification {unknown}
 g - a potion of flight
 i - a potion of heal wounds {unknown}


   Skills:
 - Level 1.0 Fighting
 + Level 7.2 Bows
 - Level 3.0 Dodging
 - Level 3.0 Stealth
 - Level 2.0 Spellcasting
 - Level 4.0 Hexes
 - Level 2.0 Fire Magic


You had 5 spell levels left.
You knew the following spells:

 Your Spells              Type           Power      Damage    Failure   Level
a - Slow                  Hex            72%        N/A       3%          1
c - Inner Flame           Hex/Fire       14%        N/A       14%         3

Your spell library contained the following spells:

 Spells                   Type           Power      Damage    Failure   Level
 Portal Projectile        Hex/Tloc       20%        N/A       21%         3
 Cause Fear               Hex            9%         N/A       30%         4
 Ozocubu's Armour         Ice            2%         N/A       43%         3
 Ozocubu's Refrigeration  Ice            1%         4d5       100%        7


Dungeon Overview and Level Annotations

Branches:
Dungeon (5/15)
 Temple: D:4-7

Altars:

Shops:
D:1 *   D:3 (

Annotations:
D:3 exclusion: sky beast
D:5 exclusion: hound, Duvessa


Message History

* * * LOW HITPOINT WARNING * * *
You are now empty-handed.
You feel a strong urge to attack something.
You closely miss something. You barely miss something.
Something hits you but does no damage.
You hit something. Something hits you.
* * * LOW HITPOINT WARNING * * *
You hit something. The orc hits you but does no damage.
Something hits you but does no damage.
You barely miss something. You barely miss something.
The orc closely misses you.
You hear some strange, mumbled words.
A magic dart appears from out of thin air!
The magic dart hits you.
* * * LOW HITPOINT WARNING * * *
You hit something. The orc barely misses you. Something barely misses you.
You hit something.
Reactivating autopickup.
You feel a bit more experienced.
You hit the orc.
The orc is moderately wounded.
The orc barely misses you.
You completely miss the orc.
The orc is moderately wounded.
The orc hits you but does no damage.
You barely miss the orc.
The orc is moderately wounded.
You are no longer berserk.
You are exhausted.
You feel yourself slow down.
Casting: Inner Flame (quite dangerous; 14% risk of failure)
Confirm with . or Enter, or press ? or * to list all spells.
Okay, then.
Casting: Inner Flame (quite dangerous; 14% risk of failure)
Confirm with . or Enter, or press ? or * to list all spells.
Aiming: Slow (safe; 3% risk of failure)
Press: ? - help, Shift-Dir - straight line, f - orc
Aim: an orc, wielding a +0 dagger (moderately wounded, chance to affect: 74%)
The orc seems to slow down.
The orc hits you with a +0 dagger.
You die...

..........#......## ..
..........+........ #.
#.......#........
#...##.......#........
#.....l......#........
.##...#######+##........
).)...##...#.....#####..
........o..#.....# #..
......)@).)+.....# #..
.##...##...#.....# #..
#.. ######.....# #.. #.
#.....###### #.. #
#.....# #.. #.....# #..
#.....# #.. #.....# #..
#.....# #..


You could see an orc (slow).

Vanquished Creatures
  A wyvern (D:5)
  Dowan (D:5)
  An orc priest (D:5)
  An orc wizard (D:5)
  An adder (D:2)
  An ufetubus (D:5)
  A worm (D:2)
  5 orcs (D:5)
  3 ball pythons
  4 endoplasms
  13 giant cockroaches
  4 goblins
  A hobgoblin (D:2)
  2 quokkas
  5 bats
  2 frilled lizards (D:1)
  3 kobolds
  4 rats
53 creatures vanquished.

Notes
Turn   | Place    | Note
-------+----------+-------------------------------------------
     0 | D:1      | shoop the Deep Elf Arcane Marksman began the quest for the
                  | Orb.
     0 | D:1      | Reached XP level 1. HP: 11/11 MP: 5/5
    32 | D:1      | Found Ipleoll's General Store.
    62 | D:1      | Reached skill level 1 in Stealth
   206 | D:1      | Reached XP level 2. HP: 16/16 MP: 6/6
   741 | D:1      | Bought a scroll of fear for 38 gold pieces
   741 | D:1      | Bought a potion of degeneration for 11 gold pieces
   800 | D:2      | Reached skill level 1 in Fighting
   808 | D:2      | Reached XP level 3. HP: 20/20 MP: 7/7
   833 | D:2      | Reached skill level 3 in Bows
  1634 | D:3      | Noticed a sky beast
  1655 | D:3      | Found Uppidy's Weapon Emporium.
  1699 | D:3      | Learned a level 3 spell: Inner Flame
  1755 | D:3      | You fall into a shaft and drop 2 floors!
  1755 | D:5      | Entered Level 5 of the Dungeon
  1790 | D:5      | Reached skill level 4 in Bows
  1790 | D:5      | Reached XP level 4. HP: 25/25 MP: 9/9
  1793 | D:5      | Noticed Duvessa
  1793 | D:5      | Noticed Dowan
  1820 | D:5      | Noticed a wyvern
  1879 | D:5      | Killed Dowan
  1880 | D:5      | Reached skill level 5 in Bows
  1880 | D:5      | Reached XP level 5. HP: 29/29 MP: 2/10
  1888 | D:5      | Killed a wyvern
  1889 | D:5      | Reached skill level 7 in Bows
  1889 | D:5      | Reached XP level 6. HP: 31/34 MP: 3/11
  1911 | D:5      | HP: 1/51 [something/magic dart (5)]
  1917 | D:5      | Slain by an orc

Illustrated notes

Levels and vault maps discovered:
D:1:      heliophobic_arrival_battle_scene, layout_loops_ring, serial_shops,
          nicolae_shop_temple_entry_statues_fountains,
          nicolae_figureground_pulse
D:2:      minmay_roachtagon, layout_loops_ring
D:3:      layout_basic, serial_shops, nicolae_shop_advertising_works
          [nicolae_subvault_shop_adworks]
D:5:      layout_gridville, minmay_temple_entry_glassed_door, uniq_duvessa,
          uniq_sigmund

Skill      XL: |  1  2  3  4  5 |
---------------+----------------+-----
Stealth        | 2 3 |  3.0
Fighting       | 1 |  1.0
Bows           | 4 5 7 |  7.2
Spellcasting   | 2 |  2.0
Dodging        | 3 |  3.0
Fire Magic     | 2 |  2.0
Hexes          | |  4.0

Action                   |  1- 3 |  4- 6 || total
-------------------------+-------+-------++-------
Melee: Unarmed           |       |    11 ||    11
 Fire: Shortbow          |   117 |    30 ||   147
 Cast: Inner Flame       |       |     3 ||     3
       Slow              |       |     1 ||     1
  Use: Potion            |       |     2 ||     2
       Scroll            |       |     1 ||     1
Armor: Robe              |    14 |     6 ||    20
Dodge: Dodged            |    35 |     8 ||    43

Table legend: (Time is in decaauts)
 A = Elapsed time spent in this place.
 B = Non-inter-level travel time spent in this place.
 C = Inter-level travel time spent in this place.
 D = Time resting spent in this place.
 E = Time spent auto-exploring this place.
 F = Levels seen in this place.
 G = Mean time per level.
                   A        B        C        D        E       F      G
               +--------+--------+--------+--------+--------+-----+--------+
         Total |   1959 |   1902 |     57 |     19 |   1471 |   4 |  489.8 |
       Dungeon |   1959 |   1902 |     57 |     19 |   1471 |   4 |  489.8 |
               +--------+--------+--------+--------+--------+-----+--------+

Top non-repeatable levels by time:
     D:2: 901 daAuts
     D:1: 779 daAuts
     D:5: 163 daAuts
     D:3: 114 daAuts
